 Dungeon Crawl Stone Soup version 0.26.1-11-gd32895ea62 (webtiles) character file.

Game seed: 16599040815154083683

219 ABBCCCDDDD the Caller (level 5, -12/33 HPs)
             Began as a Gargoyle Summoner on July 27, 2021.
             Was an Initiate of Wu Jian.
             Mangled by an ogre
             ... wielding a +0 giant club
              (22 damage)
             ... on level 4 of the Dungeon.
             The game lasted 00:20:28 (4801 turns).

ABBCCCDDDD the Caller (Gargoyle Summoner)           Turns: 4801, Time: 00:20:28

Health: -12/33     AC: 10    Str: 13    XL:     5   Next: 96%
Magic:  8/8        EV: 10    Int: 15    God:    Wu Jian [......]
Gold:   87         SH:  0    Dex: 10    Spells: 2/8 levels left

rFire    . . .     SeeInvis .   t - +0 flail
rCold    . . .     Faith    +   (no shield)
rNeg     + . .     Spirit   .   b - +0 ring mail
rPois    ∞         Reflect  .   (no helmet)
rElec    +         Harm     .   (no cloak)
rCorr    .         Rampage  .   c - +0 pair of gloves
Will     .....                  (no boots)
Stlth    ++........             k - amulet of faith
HPRegen  0.11/turn              (no ring)
MPRegen  0.11/turn              (no ring)

@: no status effects
A: negative energy resistance 1, electricity resistance, unbreathing,
petrification resistance, miasma immunity, AC +4
a: Renounce Religion


You were on level 4 of the Dungeon.
You worshipped Wu Jian.
Wu Jian was noncommittal.
You visited 2 branches of the dungeon, and saw 5 of its levels.

You collected 178 gold pieces.
You spent 91 gold pieces at shops.

Inventory:

Hand Weapons
 d - a +0 short sword
 g - a +0 spear
 j - a cursed +0 spear
 o - a +0 long sword
 t - a +0 flail (weapon)
Missiles
 v - 33 stones
 C - 4 poisoned darts (quivered)
Armour
 b - a +0 ring mail (worn)
 c - a +0 pair of gloves (worn)
 r - a +0 chain mail
 w - a +1 chain mail of cold resistance
Jewellery
 k - an amulet of faith (around neck)
Scrolls
 a - a scroll of enchant armour {unknown}
 h - 3 scrolls of identify {unknown}
 l - 2 scrolls of teleportation {unknown}
 m - a scroll of fog {unknown}
 p - a scroll of noise {unknown}
 s - a scroll of amnesia {unknown}
 u - a scroll of remove curse {unknown}
 y - 2 scrolls of enchant weapon {unknown}
Potions
 e - a potion of invisibility {unknown}
 f - 2 potions of resistance {unknown}
 i - a potion of haste {unknown}
 n - a potion of brilliance {unknown}
 q - a potion of attraction {unknown}
 x - 3 potions of curing {unknown}
 z - a potion of lignification {unknown}
 A - a potion of ambrosia {unknown}
 B - a potion of cancellation {unknown}


   Skills:
 + Level 3.7 Fighting
 - Level 0.2 Short Blades
 + Level 1.4 Maces & Flails
 - Level 1.5 Dodging
 - Level 4.0 Stealth
 - Level 2.0 Spellcasting
 + Level 4.3 Summonings


You had 2 spell levels left.
You knew the following spells:

 Your Spells              Type           Power        Failure   Level
a - Summon Small Mammal   Summ           56%          9%          1
b - Call Canine Familiar  Summ           14%          24%         3
c - Blink                 Tloc           N/A          58%         2

Your spell library contained the following spells:

 Spells                   Type           Power        Failure   Level
 Call Imp                 Summ           14%          12%         2
 Animate Skeleton         Necr           2%           43%         1
 Apportation              Tloc           2%           43%         1
 Corona                   Hex            1%           43%         1
 Summon Guardian Golem    Hex/Summ       8%           52%         3
 Gell's Gravitas          Tloc           0%           82%         3
 Lesser Beckoning         Tloc           0%           82%         3
 Teleport Other           Tloc           1%           82%         3
 Summon Ice Beast         Ice/Summ       8%           89%         4
 Summon Lightning Spire   Summ/Air       8%           89%         4
 Passage of Golubria      Tloc           N/A          99%         4


Dungeon Overview and Level Annotations

Branches:
Dungeon (4/15)             Temple (1/1) D:4

Altars:
Cheibriados
Dithmenos
Elyvilon
Fedhas
Gozag
Hepliaklqana
Kikubaaqudgha
Makhleb
Nemelex Xobeh
Okawaru
Ru
Sif Muna
Trog
Wu Jian
Xom
Yredelemnul
Zin
The Shining One

Shops:
D:4 *


Innate Abilities, Weirdness & Mutations

You are resistant to torment.
Your stone body is resilient. (AC +4)
You are immune to poison.
You resist negative energy. (rN+)
You are resistant to electric shocks. (rElec)
You can survive without breathing.
You are immune to petrification.
You are immune to miasma.


Message History

Aim: an ogre, wielding a +0 giant club (heavily wounded, 72% to hit)
You throw a poisoned dart. The poisoned dart hits the ogre.
The ogre is heavily wounded.
Your quokka closely misses the ogre.
Your quokka bites the ogre.
Throw: 5 darts (poison)
Press: ? - help, Q - select action, (/) - cycle Shift-Dir - straight line, f/p - ogre
Aim: an ogre, wielding a +0 giant club (severely wounded, 72% to hit)
You throw a poisoned dart.
The poisoned dart barely misses the ogre.
Your quokka bites the ogre.
Your quokka bites the ogre.
You hit the ogre but do no damage.
The ogre is almost dead.
The ogre hits you with a +0 giant club!!
Ouch! That really hurt!
* * * LOW HITPOINT WARNING * * *
Your quokka barely misses the ogre.
The ogre hits you with a +0 giant club!!
Ouch! That really hurt!
You die...

.. ####.###...........
..###. ##.#.........>..
#.....##...............
##......................
.......................
.....>.#...............
####.#.................
##..##..............
#.@###..........##.
#.#O###.##.#..∩..##.
..##.##..####...#.##.
..###..........#.(.(...
.. ###.##....##.###### #
#.###......###.##
#.##.#..#.#...(##
#.##......#.h.#..
#########...###.#..#.##.#


You could see an ogre.

Vanquished Creatures
  Natasha (twice) (D:4 D:3)
  A gnoll (D:1)
  2 adders
  2 leopard geckos
  6 orcs
  2 bats
  2 giant cockroaches
  6 goblins
  5 hobgoblins
  5 jackals
  3 kobolds
  2 quokkas (D:2)
  2 frilled lizards
  10 rats
50 creatures vanquished.

Vanquished Creatures (collateral kills)
  An orc priest (D:4)
  Terence (D:2)
  Jessica (D:1)
  Natasha (D:4)
  An adder (D:1)
  A dart slug (D:2)
  7 orcs
  2 giant cockroaches
  A goblin (D:1)
  3 jackals (D:1)
  A quokka (D:2)
  A ball python (D:2)
  A bat (D:1)
  2 frilled lizards
  5 kobolds
  2 rats
31 creatures vanquished.

Grand Total: 81 creatures vanquished

Notes
Turn   | Place    | Note
-------+----------+-------------------------------------------
     0 | D:1      | ABBCCCDDDD the Gargoyle Summoner began the quest for the
                  | Orb.
     0 | D:1      | Reached XP level 1. HP: 10/10 MP: 3/3
   326 | D:1      | Reached skill level 1 in Fighting
   339 | D:1      | Reached XP level 2. HP: 11/16 MP: 1/5
   708 | D:1      | Reached XP level 3. HP: 21/21 MP: 4/6
  1222 | D:2      | Noticed Jessica
  1267 | D:2      | Noticed Terence
  1515 | D:1      | Killed Jessica
  1516 | D:1      | Reached XP level 4. HP: 24/27 MP: 3/7
  1755 | D:2      | Learned a level 3 spell: Call Canine Familiar
  1906 | D:2      | Found a hazy altar of Hepliaklqana.
  1906 | D:2      | Found a white marble altar of Elyvilon.
  2058 | D:2      | Killed Terence
  2885 | D:3      | Noticed an ice beast
  3113 | D:4      | Reached XP level 5. HP: 32/32 MP: 5/8
  3236 | D:4      | Found a staircase to the Ecumenical Temple.
  3245 | Temple   | Entered the Ecumenical Temple
  3354 | Temple   | Became a worshipper of the Wu Jian Council
  3377 | D:4      | Noticed Natasha
  3387 | D:4      | Killed Natasha
  3394 | D:4      | Found Zyuthew's Assorted Antiques.
  3402 | D:4      | Noticed an ogre
  3410 | D:4      | Bought a fuming green potion for 22 gold pieces
  3410 | D:4      | Bought a scroll labelled NEATEE GANIODISU for 25 gold
                  | pieces
  3410 | D:4      | Bought a fuming black potion for 22 gold pieces
  3410 | D:4      | Bought a glowing coppery potion for 22 gold pieces
  3563 | D:4      | Found an ancient bone altar of Kikubaaqudgha.
  3762 | D:3      | Reached skill level 1 in Maces & Flails
  4126 | D:4      | Noticed Natasha
  4139 | D:4      | Killed Natasha
  4241 | D:4      | Noticed Natasha
  4318 | D:3      | Killed Natasha
  4711 | D:4      | Learned a level 2 spell: Blink
  4801 | D:4      | Mangled by an ogre

Illustrated notes

Levels and vault maps discovered:
D:1:      dpeg_arrival_pits, layout_basic
D:2:      layout_rooms, gammafunk_temple_overflow_elements, uniq_jessica,
          uniq_terence
D:3:      layout_basic
D:4:      kennysheep_goblin_castle, layout_layer_cave,
          nicolae_overflow_crystal_walls, minmay_temple_entry_stoned_glass,
          serial_shops, shop, uniq_natasha
Temple:   nicolae_temple_elliptical

Skill      XL: |  1  2  3  4  5 |
---------------+----------------+-----
Fighting       | 1 2 3 |  3.7
Stealth        | 3 4 |  4.0
Summonings     | 4 |  4.3
Maces & Flails | 1 |  1.4
Short Blades   | |  0.2
Dodging        | |  1.5
Spellcasting   | |  2.0

Action                   |  1- 3 |  4- 6 || total
-------------------------+-------+-------++-------
Melee: Unarmed           |    19 |       ||    19
       Short sword       |    78 |    98 ||   176
       Flail             |       |    44 ||    44
Throw: Dart              |       |    14 ||    14
 Cast: Summon Small Mamm |    30 |    48 ||    78
       Call Canine Famil |       |     2 ||     2
Invok: Lunge             |       |     3 ||     3
 Stab: Sleeping          |     1 |     3 ||     4
       Distracted        |       |     2 ||     2
Armor: Ring mail         |    54 |    71 ||   125
       Robe              |     2 |       ||     2
Dodge: Dodged            |    73 |    82 ||   155
